 Dungeon Crawl Stone Soup version 0.20.1-1-g8b1a95d (webtiles) character file.

10446 vineage the Carver (level 11, -4/83 HPs)
             Began as a Demonspawn Gladiator on Aug 28, 2017.
             Was a High Priest of Okawaru.
             Slain by an ice devil (17 damage)
             ... summoned by a deep elf mage
             ... on level 11 of the Dungeon.
             The game lasted 00:23:20 (12368 turns).

vineage the Carver (Demonspawn Gladiator)          Turns: 12368, Time: 00:23:20

Health: -4/83      AC: 36    Str: 20    XL:     11   Next: 36%
Magic:  11/11      EV:  4    Int: 11    God:    Okawaru [*****.]
Gold:   259        SH: 19    Dex: 19    Spells: 10/10 levels left

rFire    . . .     SeeInvis .   C - +4 long sword (protect)
rCold    . . .     Gourm    .   J - +3 large shield
rNeg     . . .     Faith    .   p - +0 plate armour
rPois    +         Spirit   .   (helmet restricted)
rElec    .         Reflect  .   I - +2 cloak {rPois}
rCorr    .         Harm     .   h - +2 pair of gloves {Str+3}
MR       .....                  e - +1 pair of boots
Stlth    ..........             (no amulet)
Regen    0.3/turn               y - +5 ring of dexterity
MPRegen  0.2/turn               o - ring of poison resistance

@: sanguine armour, protection aura, drained
A: hooves 1, horns 2, nightstalker 2, spiny 1, wild magic 1, sanguine armour 2
a: Heroism, Finesse, Renounce Religion


You were on level 11 of the Dungeon.
You worshipped Okawaru.
Okawaru was extremely pleased with you.
You were very hungry.

You visited 2 branches of the dungeon, and saw 12 of its levels.

You collected 489 gold pieces.
You spent 230 gold pieces at shops.

Inventory:

Hand Weapons
 a - a +0 long sword
 C - a +4 long sword of protection (weapon)
 K - a +2 morningstar
Missiles
 d - 2 throwing nets (quivered)
Armour
 b - a +0 leather armour
 c - a +0 helmet
 e - a +1 pair of boots (worn)
 h - a +2 pair of gloves of strength (worn)
 p - a +0 plate armour (worn)
 t - a +0 buckler
 w - a +0 pair of boots
 I - a +2 cloak of poison resistance (worn)
 J - a +3 large shield (worn)
Jewellery
 o - a ring of poison resistance (right hand)
 s - an uncursed ring of flight
 u - an uncursed ring of fire
 y - a +5 ring of dexterity (left hand)
 A - an uncursed ring of loudness
Wands
 k - a wand of flame (30/48)
 n - a wand of confusion (20/48)
 B - a wand of random effects (24/48)
 D - a wand of paralysis (14/24)
 E - a wand of random effects (24/48)
 F - a wand of confusion (27/48)
 H - a wand of acid (5/15)
 Q - a wand of clouds (3/9)
Scrolls
 g - 2 scrolls of teleportation
 i - 4 scrolls of remove curse
 l - 3 scrolls of fear
 m - a scroll of identify
 L - a scroll of blinking
 M - 2 scrolls of recharging
 O - a scroll of random uselessness {unknown}
Potions
 r - a potion of berserk rage
 z - a potion of lignification
 P - a potion of agility
Books
 x - a book of Misfortune

   Spells                             Type                      Level
   a - Confusing Touch                Hexes                        1
   b - Confuse                        Hexes                        3
   c - Gell's Gravitas                Translocation                3
   d - Petrify                        Transmutation/Earth          4
   e - Metabolic Englaciation         Hexes/Ice                    5
   f - Yara's Violent Unravelling     Hexes/Transmutation          5
 R - a book of Power

   Spells                             Type                      Level
   a - Iskenderun's Battlesphere      Conjuration/Charms           5
   b - Venom Bolt                     Conjuration/Poison           5
   c - Bolt of Magma                  Conjuration/Fire/Earth       5
   d - Iron Shot                      Conjuration/Earth            6
   e - Orb of Destruction             Conjuration                  7
   f - Spellforged Servitor           Conjuration/Summoning        7
Comestibles
 f - 10 bread rations
 j - 8 meat rations
 v - 6 royal jellies
 N - 3 fruits


   Skills:
 + Level 6.6(5.6) Fighting
 * Level 11.6(10.5) Long Blades
 - Level 2.1(1.2) Maces & Flails
 + Level 1.8(1.0) Throwing
 + Level 5.8(4.8) Armour
 + Level 3.4(2.6) Dodging
 + Level 1.5(0.6) Stealth
 + Level 7.7(6.7) Shields


You had 10 spell levels left.
You didn't know any spells.

Dungeon Overview and Level Annotations

Branches:
Dungeon (11/15)            Temple (1/1) D:7            Lair (0/6) D:11
    Orc (0/2) D:11

Altars:
Ashenzari
Cheibriados
Dithmenos
Elyvilon
Fedhas
Gozag
Hepliaklqana
Kikubaaqudgha
Makhleb
Nemelex Xobeh
Okawaru
Qazlal
Ru
Sif Muna
Trog
Uskayaw
Vehumet
Xom
Yredelemnul
Zin
The Shining One

Shops:
D:9 *   D:10 [


Innate Abilities, Weirdness & Mutations

You have a pair of horns on your head.
You are significantly more attuned to the shadows.
You are partially covered in sharp spines.
When seriously injured, your bleeding wounds create thick armour. (AC +9)
You have large cloven feet.
Your spells are a little harder to cast, but a little more powerful.


Message History

The ice devil hits you. The ice devil freezes you!
* * * LOW HITPOINT WARNING * * *
The deep elf mage casts a spell.
Throwing (i - inventory):
d - 3 throwing nets (quivered)
Press: ? - help, Shift-Dir - straight line, f - deep elf mage, p - ynoxinul
Aim: a deep elf mage, wielding a long sword You throw a throwing net.
The throwing net hits the deep elf mage.
The deep elf mage is caught in the net!
The ynoxinul gestures.
You block the ice devil's attack.
The deep elf mage struggles against the net.
The ynoxinul gestures.
The ice devil hits you but does no damage.
The deep elf mage struggles against the net.
You block the ynoxinul's attack. The ice devil is struck by your spines.
The ice devil hits you.
* * * LOW HITPOINT WARNING * * *
The ice devil freezes you!
You die...

*##..)###...#################
,......#....................#
,...........................#
,...........................#
,.........)))..............<#
,..........)................###
,..........)....<..>........).#
,...............535.e..>......#
,.......)......4@.5....(......#
,,.......).....553...(........#
,,.....................>......#
,,..............5.......รท...###
**##########...##############
#####


You could see a sun demon, an ice devil, a deep elf mage (caught), a ynoxinul
and 6 ufetubi.

Vanquished Creatures
  A two-headed ogre (D:11)
  A cyclops (D:11)
  An ugly thing (D:11)
  The ghost of Dustman the Cleaver, a novice HOMo (D:6)
  A merfolk (D:9)
  5 hippogriffs
  A hog (shapeshifter) (D:11)
  13 yaks (D:9)
  Grum (D:8)
  A steam dragon (D:7)
  Duvessa (D:5)
  A water moccasin (D:9)
  3 black bears
  An orc warrior (D:11)
  A phantom (D:4)
  2 sky beasts
  An ice beast (D:10)
  5 ogres
  4 wolves (D:8)
  A necrophage (D:9)
  3 centaurs
  A crocodile (D:8)
  A big kobold (D:7)
  Blork the orc (D:5)
  7 bullfrogs
  Dowan (D:5)
  A scorpion (D:7)
  A killer bee (D:9)
  13 wights
  2 howler monkeys
  3 crimson imps
  A bullfrog zombie (D:6)
  6 hounds
  2 jellies (D:8)
  7 orc priests
  A bullfrog skeleton (D:7)
  A centaur skeleton (D:4)
  Jessica (D:2)
  4 worker ants
  2 iguanas
  8 orc wizards
  2 killer bee zombies
  A hound zombie (D:4)
  A hound skeleton (D:11)
  20 adders
  A shadow imp (D:7)
  An ooze (D:7)
  2 adder skeletons
  An adder zombie (D:8)
  4 worms
  5 dart slugs
  6 leopard geckos
  38 orcs
  8 giant cockroaches
  11 goblins
  2 hobgoblins (D:1)
  16 jackals
  7 quokkas
  3 ball pythons
  13 bats
  8 frilled lizards
  16 kobolds
  A leopard gecko zombie (D:6)
  A quokka skeleton (D:7)
  8 rats
289 creatures vanquished.

Vanquished Creatures (others)
  An unseen horror (D:11)
  An orc (D:11)
  2 plants (D:11)
4 creatures vanquished.

Grand Total: 293 creatures vanquished

Notes
Turn   | Place    | Note
-------+----------+-------------------------------------------
     0 | D:1      | vineage the Demonspawn Gladiator began the quest for the Orb.
     0 | D:1      | Reached XP level 1. HP: 16/16 MP: 1/1
    38 | D:1      | Gained mutation: You are slightly more attuned to the shadows. [demonic ancestry]
    38 | D:1      | Reached XP level 2. HP: 22/22 MP: 2/2
   445 | D:1      | Reached skill level 3 in Long Blades
   808 | D:2      | Reached XP level 3. HP: 27/27 MP: 3/3
   827 | D:2      | Reached skill level 1 in Stealth
  1153 | D:2      | Gained mutation: When seriously injured, your bleeding wounds create armour. (AC +9) [demonic ancestry]
  1153 | D:2      | Reached XP level 4. HP: 28/34 MP: 4/4
  1415 | D:2      | Found an ancient bone altar of Kikubaaqudgha.
  1522 | D:2      | Reached skill level 4 in Long Blades
  1808 | D:2      | Found a radiant altar of Vehumet.
  2091 | D:2      | Noticed Jessica
  2118 | D:2      | Killed Jessica
  2118 | D:2      | Gained mutation: You have a pair of small horns on your head. [demonic ancestry]
  2118 | D:2      | Reached XP level 5. HP: 19/39 MP: 5/5
  2360 | D:2      | Reached skill level 1 in Armour
  2380 | D:2      | Found a sparkling altar of Nemelex Xobeh.
  2394 | D:2      | Found a bloodstained altar of Trog.
  3385 | D:3      | Reached XP level 6. HP: 33/46 MP: 6/6
  3503 | D:4      | Reached skill level 1 in Shields
  3514 | D:4      | Reached skill level 5 in Long Blades
  4105 | D:4      | Gained mutation: You are significantly more attuned to the shadows. [demonic ancestry]
  4105 | D:4      | Reached XP level 7. HP: 31/52 MP: 7/7
  5077 | D:5      | Entered Level 5 of the Dungeon
  5142 | D:5      | Noticed Dowan
  5150 | D:5      | Noticed Duvessa
  5169 | D:5      | Killed Duvessa
  5169 | D:5      | Reached skill level 6 in Long Blades
  5173 | D:5      | Killed Dowan
  5793 | D:5      | Noticed Blork the orc
  5809 | D:5      | Killed Blork the orc
  5809 | D:5      | Reached XP level 8. HP: 40/59 MP: 8/8
  6064 | D:5      | Found an opulent altar of Gozag.
  6200 | D:6      | Reached skill level 7 in Long Blades
  6444 | D:6      | Gained mutation: You tend to lose your temper in combat. [mutagenic meat]
  6646 | D:6      | You fall through a shaft!
  6740 | D:7      | Found a burning altar of Makhleb.
  6755 | D:7      | Noticed a hippogriff
  6767 | D:7      | Killed a hippogriff
  6767 | D:7      | Reached skill level 8 in Long Blades
  7084 | D:6      | Gained mutation: You have a pair of horns on your head. [demonic ancestry]
  7084 | D:6      | Reached XP level 9. HP: 32/66 MP: 9/9
  7252 | D:6      | Identified a scroll of acquirement
  7264 | D:6      | Lost mutation: You tend to lose your temper in combat. [potion of mutation]
  7264 | D:6      | Gained mutation: You are somewhat resistant to further mutation. [potion of mutation]
  7264 | D:6      | Gained mutation: You occasionally shout uncontrollably at your foes. [potion of mutation]
  7264 | D:6      | Gained mutation: You passively map a small area around you. [potion of mutation]
  7290 | D:6      | Found a deep blue altar of Sif Muna.
  7406 | D:6      | Noticed Dustman's ghost (novice HOMo)
  7423 | D:6      | Killed Dustman's ghost
  7423 | D:6      | Reached skill level 1 in Maces & Flails
  7884 | D:7      | Found a staircase to the Ecumenical Temple.
  7893 | D:7      | Reached skill level 5 in Armour
  7914 | Temple   | Entered the Ecumenical Temple
  8196 | Temple   | Became a worshipper of Warmaster Okawaru
  8539 | D:7      | Reached skill level 5 in Fighting
  8697 | D:7      | Found an iron altar of Okawaru.
  8842 | D:8      | Noticed Grum
  8857 | D:8      | Killed Grum
  8862 | D:8      | Reached skill level 9 in Long Blades
  8875 | D:8      | Reached * piety under Okawaru
  9635 | D:8      | Found a shadowy altar of Dithmenos.
  9866 | D:8      | Found a stormy altar of Qazlal.
  9945 | D:9      | Found a white marble altar of Elyvilon.
  9968 | D:9      | Reached skill level 5 in Shields
  9968 | D:9      | Gained mutation: When seriously injured, your bleeding wounds create thick armour. (AC +9) [demonic ancestry]
  9968 | D:9      | Reached XP level 10. HP: 69/74 MP: 10/10
  9988 | D:9      | Found a shimmering altar of Xom.
 10020 | D:9      | Reached ** piety under Okawaru
 10051 | D:9      | Reached skill level 10 in Long Blades
 10161 | D:9      | Reached *** piety under Okawaru
 10462 | D:9      | Reached **** piety under Okawaru
 10489 | D:9      | Found Rilysicu's Changing Room.
 10502 | D:9      | Bought a mutagenic chunk of flesh for 1 gold piece
 10502 | D:9      | Bought a potion of mutation for 112 gold pieces
 10502 | D:9      | Bought 4 mutagenic chunks of flesh for 5 gold pieces
 10502 | D:9      | Bought a potion of mutation for 112 gold pieces
 10502 | D:9      | Gained mutation: You are clumsy. (Dex -2) [mutagenic meat]
 10504 | D:9      | Lost mutation: You are clumsy. (Dex -2) [potion of mutation]
 10504 | D:9      | Lost mutation: You occasionally shout uncontrollably at your foes. [potion of mutation]
 10504 | D:9      | Lost mutation: You passively map a small area around you. [potion of mutation]
 10504 | D:9      | Lost mutation: You are somewhat resistant to further mutation. [potion of mutation]
 10504 | D:9      | Gained mutation: Your natural rate of healing is unusually fast. [potion of mutation]
 10504 | D:9      | Gained mutation: Your flesh is cold resistant. (rC+) [potion of mutation]
 10505 | D:9      | Lost mutation: Your flesh is cold resistant. (rC+) [potion of mutation]
 10505 | D:9      | Lost mutation: Your natural rate of healing is unusually fast. [potion of mutation]
 10505 | D:9      | Gained mutation: Your spells are a little harder to cast, but a little more powerful. [potion of mutation]
 10505 | D:9      | Gained mutation: You have large cloven feet. [potion of mutation]
 10825 | D:10     | Entered Level 10 of the Dungeon
 10913 | D:10     | Found Veown's Antique Armour Emporium.
 11227 | D:10     | Gained mutation: You are partially covered in sharp spines. [demonic ancestry]
 11227 | D:10     | Reached XP level 11. HP: 71/81 MP: 11/11
 11298 | D:10     | Reached skill level 11 in Long Blades
 11662 | D:11     | Noticed a two-headed ogre
 11667 | D:11     | Killed a two-headed ogre
 11942 | D:11     | Noticed a green ugly thing
 11980 | D:11     | Noticed a white ugly thing
 11991 | D:11     | Killed a white ugly thing
 12005 | D:11     | Noticed a deep elf mage
 12021 | D:11     | Noticed a two-headed ogre
 12026 | D:11     | Noticed a two-headed ogre
 12055 | D:11     | Reached ***** piety under Okawaru
 12362 | D:11     | Killed an unseen horror
 12367 | D:11     | Noticed a sun demon
 12368 | D:11     | Slain by an ice devil

Skill      XL: |  1  2  3  4  5  6  7  8  9 10 11 |
---------------+----------------------------------+-----
Dodging        | 3 |  3.4
Long Blades    | 3 4 5 6 8 9 10 11 | 11.6
Stealth        | 1 |  1.5
Armour         | 1 2 3 4 5 |  5.8
Fighting       | 3 4 5 6 |  6.6
Shields        | 1 2 5 7 |  7.7
Maces & Flails | 2 |  2.1
Throwing       | |  1.8

Action                   |  1- 3 |  4- 6 |  7- 9 | 10-12 || total
-------------------------+-------+-------+-------+-------++-------
Melee: Long sword        |   105 |   333 |   501 |   331 ||  1270
       Headbutt          |       |    41 |   136 |    90 ||   267
       Morningstar       |       |       |    35 |       ||    35
Throw: Throwing net      |       |       |       |     2 ||     2
Invok: Heroism           |       |       |       |     2 ||     2
  Use: Potion            |       |     2 |     8 |     6 ||    16
       Scroll            |       |       |    21 |     4 ||    25
 Stab: Sleeping          |     5 |       |       |       ||     5
  Eat: Chunk             |       |     8 |    12 |     9 ||    29
       Fruit             |       |     2 |       |       ||     2
       Royal jelly       |       |       |     2 |       ||     2
       Meat ration       |       |       |     1 |       ||     1
Armor: Leather armour    |    23 |       |       |       ||    23
       Plate armour      |    42 |   301 |   310 |   257 ||   910
Dodge: Dodged            |    60 |    70 |    73 |    46 ||   249
Block: Buckler           |       |    65 |    39 |       ||   104
       Large shield      |       |       |   223 |   372 ||   595
       Rpst.: Long sword |    25 |    20 |    17 |    10 ||    72
